 Dungeon Crawl Stone Soup version 0.26-a0-712-ga5a9c9c9d0 (webtiles) character file.

Game seed: 7336471882743794682

888 kae the Insei (level 7, -13/48 HPs)
             Began as a Demonspawn Transmuter on Nov 10, 2020.
             Mangled by Menkaure (19 damage)
             ... on level 5 of the Dungeon.
             The game lasted 00:03:02 (4921 turns).

kae the Insei (Demonspawn Transmuter)               Turns: 4921, Time: 00:03:02

Health: -13/48     AC:  4    Str: 12    XL:     7   Next: 77%
Magic:  10/11      EV: 12    Int: 14    God:
Gold:   171        SH:  0    Dex: 14    Spells: 8/12 levels left

rFire    . . .     SeeInvis .   i - +1 war axe (vorpal)
rCold    . . .     Faith    .   (no shield)
rNeg     . . .     Spirit   .   a - +0 robe
rPois    .         Reflect  .   (helmet currently unavailable)
rElec    .         Harm     .   (no cloak)
rCorr    .         Rampage  .   (no gloves)
MR       .....                  (boots currently unavailable)
Stlth    +.........             (no amulet)
HPRegen  0.16/turn              (no ring)
MPRegen  0.12/turn              (no ring)

@: appendages
A: hooves 1, horns 2, thin metallic scales 1, powered by pain 1, spiny 1
a: End Transformation


You were on level 5 of the Dungeon.
You had grown temporary horns.
You visited 1 branch of the dungeon, and saw 5 of its levels.

You collected 171 gold pieces.

Inventory:

Hand Weapons
 i - a +1 vorpal war axe (weapon)
 s - the +11 plutonium sword {*Contam Stlth-}
   (You found it on level 4 of the Dungeon)

   It causes magical contamination when unequipped.
   It makes you less stealthy.
Armour
 a - a +0 robe (worn)
Jewellery
 k - a +6 ring of intelligence {unknown}
 o - an uncursed amulet of the acrobat
Wands
 p - a wand of flame (10)
 r - a wand of paralysis (6)
 w - a wand of acid (15)
Scrolls
 j - 2 scrolls of teleportation
 l - a scroll of fear
 q - 4 scrolls of remove curse
Potions
 c - 2 potions of degeneration
 d - 2 potions of curing {unknown}
 e - 3 potions of flight {unknown}
 g - 3 potions of stabbing {unknown}
 h - a potion of heal wounds {unknown}
 m - a potion of berserk rage {unknown}
 n - a potion of mutation {unknown}
 t - 2 potions of lignification {unknown}
 u - a potion of ambrosia {unknown}


   Skills:
 - Level 1.0 Fighting
 - Level 1.7 Dodging
 + Level 6.2 Unarmed Combat
 - Level 3.0 Spellcasting
 + Level 5.6 Transmutations


You had 8 spell levels left.
You knew the following spells:

 Your Spells              Type           Power        Failure   Level
a - Beastly Appendage     Tmut           ###...       1%          1
b - Spider Form           Tmut/Pois      ##........   21%         3

Your spell library contained the following spells:

 Spells                   Type           Power        Failure   Level
 Wereblood                Tmut           ###.....     3%          2
 Corona                   Hex            #......      22%         1
 Ensorcelled Hibernation  Hex/Ice        #.....       32%         2
 Blade Hands              Tmut           ###.......   50%         5
 Confusing Touch          Hex            #.......     54%         3
 Dazzling Flash           Conj/Hex       #.....       54%         3
 Tukima's Dance           Hex            #.......     54%         3
 Ice Form                 Ice/Tmut       ##......     54%         4


Dungeon Overview and Level Annotations

Branches:
Dungeon (5/15)
 Temple: D:4-7

Altars:
Fedhas
Trog
Vehumet
Zin

Shops:
D:4 }

Annotations:
D:5 Menkaure


Innate Abilities, Weirdness & Mutations

You have large cloven feet.
You are partially covered in thin metallic scales. (AC +2)
You sometimes gain a little power by taking damage.
You are partially covered in sharp spines.
You have a pair of horns on your head.


Message History

Menkaure is moderately damaged.
You hit the hound. The hound closely misses you.
Menkaure calls on the powers of darkness!
The hound convulses!
Your body is wracked with pain!
The scorpion convulses!
The hound bites you.
Menkaure hums, "Let me perform the rites..."
Menkaure hits you!
* * * LOW HITPOINT WARNING * * *
You are too injured to fight recklessly!
You are too injured to fight recklessly!
You are too injured to fight recklessly!
You are too injured to fight recklessly!
You are too injured to fight recklessly!
Okay, then.
You hit Menkaure.
Menkaure is heavily damaged.
You hit the hound.
You kill the hound!
Menkaure is struck by your spines. Menkaure hits you!!
You die...

#.#.# .... .... ..#
##### ..# # ....#
.######s#.# ....#
.......M#.# ....#
#####.@$.## ..... #
#..)#.....#
....#####.##.##.....#
........#...........#
.....##.####.########
####.##.##...#
##...##.##.###
<..<.......#
##.##...####


You could see Menkaure and a scorpion.

Vanquished Creatures
  Pikel (D:4)
  Sigmund (D:3)
  A lemure (D:4)
  A bullfrog (D:4)
  2 hounds
  2 bullfrog skeletons
  A centaur skeleton (D:4)
  2 orc wizards (D:4)
  7 worms
  2 dart slugs
  A leopard gecko (D:3)
  13 orcs
  3 bats
  3 giant cockroaches (D:3)
  9 hobgoblins
  4 jackals (D:3)
  3 kobolds (D:2)
  2 quokkas
  A ball python (D:3)
  2 goblins
  2 jackal skeletons (D:4)
  6 rats
69 creatures vanquished.

Notes
Turn   | Place    | Note
-------+----------+-------------------------------------------
     0 | D:1      | kae the Demonspawn Transmuter began the quest for the Orb.
     0 | D:1      | Reached XP level 1. HP: 15/15 MP: 3/3
   672 | D:2      | Gained mutation: You are partially covered in thin metallic
                  | scales. (AC +2) [demonic ancestry]
   672 | D:2      | Reached XP level 2. HP: 20/21 MP: 3/5
   868 | D:2      | Reached skill level 3 in Unarmed Combat
  1694 | D:2      | Found a blossoming altar of Fedhas.
  1704 | D:2      | Found a glowing silver altar of Zin.
  1782 | D:3      | Lost mutation: You have razor-sharp toenails. [demonic
                  | ancestry]
  1782 | D:3      | Lost mutation: You have sharp toenails. [demonic ancestry]
  1782 | D:3      | Gained mutation: You have large cloven feet. [demonic
                  | ancestry]
  1782 | D:3      | Reached XP level 3. HP: 22/26 MP: 4/6
  1790 | D:3      | Learned a level 3 spell: Spider Form
  1976 | D:3      | Noticed Sigmund
  2169 | D:3      | Killed Sigmund
  2169 | D:3      | Reached skill level 4 in Unarmed Combat
  2169 | D:3      | Gained mutation: You are partially covered in sharp spines.
                  | [demonic ancestry]
  2169 | D:3      | Reached XP level 4. HP: 6/32 MP: 4/8
  2169 | D:3      | Gained mutation: You sometimes gain a little power by
                  | taking damage. [demonic ancestry]
  2169 | D:3      | Reached XP level 5. HP: 6/37 MP: 4/9
  3469 | D:4      | Noticed a moth of wrath
  3472 | D:4      | Found a bloodstained altar of Trog.
  3672 | D:4      | Found the +11 plutonium sword {*Contam Stlth-}
  3865 | D:4      | Reached XP level 6. HP: 37/43 MP: 8/10
  4288 | D:4      | Found Sisoyq's Gadget Shoppe.
  4289 | D:4      | Noticed Pikel
  4307 | D:4      | Killed Pikel
  4307 | D:4      | Reached skill level 5 in Unarmed Combat
  4307 | D:4      | Reached skill level 5 in Transmutations
  4307 | D:4      | Reached XP level 7. HP: 25/48 MP: 8/11
  4602 | D:4      | Reached skill level 6 in Unarmed Combat
  4845 | D:4      | Found a radiant altar of Vehumet.
  4855 | D:5      | Entered Level 5 of the Dungeon
  4915 | D:5      | Noticed Menkaure
  4921 | D:5      | Mangled by Menkaure

Illustrated notes

Levels and vault maps discovered:
D:1:      evilmike_arrival_hilbert_curve, layout_basic
D:2:      layout_loops_ring, amethyst_overflow_temple_binary,
          minmay_misc_feat_encased
D:3:      layout_loops_ring, uniq_sigmund
D:4:      layout_rooms, kennysheep_mini, tgw_trog, serial_shops,
          nicolae_shop_trees, uniq_pikel
D:5:      layout_basic, gammafunk_temple_overflow_claw, basic_altar,
          chequers_serial_rivers_marsh, uniq_menkaure

Skill      XL: |  1  2  3  4  5  6  7 |
---------------+----------------------+-----
Transmutations | 2 3 5 |  5.6
Unarmed Combat | 3 4 5 6 |  6.2
Spellcasting   | 3 |  3.0
Fighting       | |  1.0
Dodging        | |  1.7

Action                   |  1- 3 |  4- 6 |  7- 9 || total
-------------------------+-------+-------+-------++-------
Melee: Unarmed           |    26 |    34 |       ||    60
       Kick              |    11 |    17 |     2 ||    30
       Headbutt          |     5 |     5 |     2 ||    12
       War axe           |    67 |    47 |    10 ||   124
 Cast: Beastly Appendage |    18 |    12 |     3 ||    33
       Spider Form       |     1 |     3 |       ||     4
  Use: Scroll            |       |       |     7 ||     7
Armor: Robe              |    23 |    15 |     1 ||    39
Dodge: Dodged            |    64 |    36 |     7 ||   107

Table legend: (Time is in decaauts)
 A = Elapsed time spent in this place.
 B = Non-inter-level travel time spent in this place.
 C = Inter-level travel time spent in this place.
 D = Time resting spent in this place.
 E = Time spent auto-exploring this place.
 F = Levels seen in this place.
 G = Mean time per level.
                   A        B        C        D        E       F      G
               +--------+--------+--------+--------+--------+-----+--------+
         Total |   4978 |   4823 |    155 |    573 |   3662 |   5 |  995.6 |
       Dungeon |   4978 |   4823 |    155 |    573 |   3662 |   5 |  995.6 |
               +--------+--------+--------+--------+--------+-----+--------+

Top non-repeatable levels by time:
     D:3: 1654 daAuts
     D:4: 1506 daAuts
     D:2: 1110 daAuts
     D:1: 662 daAuts
     D:5: 44 daAuts
